[Event "Late-Titled-Tuesday-Blitz-February-06-2024"]
[Site "Chess.com"]
[Date "2024.02.06"]
[Round "1"]
[White "dmitrijiIM"]
[Black "Crasyhealer"]
[Result "1-0"]
[WhiteElo "2936"]
[BlackElo "2495"]
[TimeControl "180+1"]
[EndTime "14:06:41 PST"]
[Termination "dmitrijiIM won by resignation"]

1. e4 e5 2. Nf3 Nc6 3. Nc3 g6 4. d4 exd4 5. Nxd4 Bg7 6. Be3 Nge7 7. Qd2 O-O 8. O-O-O d6 9. h4 Bg4 10. f3 Nxd4 11.
Bxd4 Bxd4 12. Qxd4 Nc6 13. Qd2 Be6 14. h5 Qf6 15.
Be2 g5 16. h6 Kh8 17. Rdf1 Qf4 18. Qxf4 gxf4 19. Rh4 Rg8 20. Rf2 Rg6 21. Bf1 Rag8 22.
Ne2 Rf6 23. Nxf4 Ne5 24. Nd3 Ng6 25. Rh1 Nf4 26. Nxf4 Rxf4 27. a3 d5 28. Bd3 d4 29. b3 c5 30. a4 c4 31. Bxc4 Bxc4 32. bxc4 Rc8 33. Kd2 Rxc4 34. Rb1 b6 35. a5 Rf6 36. axb6 axb6 37. Kd3 Ra4 38. Rff1 Rxh6 39. Ra1 Rb4 40. Rfb1 Rxb1 41. Rxb1 Rg6 42. g4 Rf6 43. Rf1 Rd6 44. e5 Rd7 45. Rb1 Rd5 46. f4 Rc5 47.
Rb2 Rc3+ 48. Kxd4 Rg3 49. g5 Rf3 50. Ke4 Rc3 51. Kd4 Rf3 52. Rxb6 Rxf4+ 53. Kd5 Rf5 54. c4 Rxg5 55. c5 Rg1 56. c6 Rd1+ 57. Kc5 Kg7 58.
c7 h5 59. Rc6 h4 60. c8=Q 1-0

[Event "Late-Titled-Tuesday-Blitz-February-06-2024"]
[Site "Chess.com"]
[Date "2024.02.06"]
[Round "1"]
[White "ljuks68"]
[Black "Szparu"]
[Result "0-1"]
[WhiteElo "2426"]
[BlackElo "2816"]
[TimeControl "180+1"]
[EndTime "14:06:41 PST"]
[Termination "Szparu won by resignation"]

1. e4 e6 2. d4 d5 3. Nc3 Nf6 4. Bg5 dxe4 5. Nxe4 Be7 6. Bxf6 gxf6 7. Nf3 f5 8. Nc3 a6 9. a4 Qd6 10. Qe2 Nd7 11. g3 Qb4 12. Qd2 Qxb2 13. Rb1 Qa3 14. Bg2 Qd6 15. O-O c6 16. a5 Bf6 17. Rfe1 O-O 18. Rbd1 Rd8 19. Qh6 Bg7 20. Qh5 Nf6 21. Qh4 Bd7 22. Ne2 c5 23. Nf4 Bc6 24. Nh5 Nxh5 25.
Qxh5 Bxf3 26. Bxf3 cxd4 27. Bxb7 Rab8 28. Bg2 Rb2 29. g4 Rb5 30. gxf5 Rxf5 31. Qh4 Bf6 32. Qh3 Rxa5 33. Be4 Rg5+ 34. Kh1 h5 35. Rg1 Rxg1+ 36.
Rxg1+ Kf8 37. Qxh5 Ke7 38. Qh7 Rh8 0-1

[Event "Late-Titled-Tuesday-Blitz-February-06-2024"]
[Site "Chess.com"]
[Date "2024.02.06"]
[Round "1"]
[White "lucliasco"]
[Black "Atousa"]
[Result "1-0"]
[WhiteElo "2874"]
[BlackElo "2467"]
[TimeControl "180+1"]
[EndTime "14:06:43 PST"]
[Termination "lucliasco won on time"]

1. e4 c5 2. Nc3 a6 3. d4 cxd4 4. Qxd4 Nc6 5. Qe3 Nf6 6. Bd2 g6 7. O-O-O Bg7 8. Nd5 O-O 9. Bc3 b5 10. h4 Ng4 11. Qe1 Bxc3 12. Nxc3 h5 13. f3 Nge5 14.
g4 hxg4 15. h5 e6 16. f4 Nc4 17. Bxc4 bxc4 18. hxg6 fxg6 19. e5 Rb8 20. Nge2 Qb6 21. b3 cxb3 22. axb3 Qc5 23. Kb2 Na5 24. Qh4 Nc4+ 25.
Kb1 Kf7 26. Qf6+ Ke8 27. Qxg6+ Kd8 28. Rd4 Qa3 29. Qg5+ Ke8 30. Qg6+ Kd8 31. Rxc4 Rxb3+ 32. cxb3 Qxb3+ 33. Kc1 Qxc4 34. Rd1 Bb7 35. Qg7 1-0

[Event "Late-Titled-Tuesday-Blitz-February-06-2024"]
[Site "Chess.com"]
[Date "2024.02.06"]
[Round "1"]
[White "IranianCheetah"]
[Black "Mikhail_Golubev"]
[Result "0-1"]
[WhiteElo "2344"]
[BlackElo "2662"]
[TimeControl "180+1"]
[EndTime "14:06:44 PST"]
[Termination "Mikhail_Golubev won on time"]

1. e4 c5 2. Nf3 Nc6 3. d4 cxd4 4. Nxd4 Nf6 5. Nc3 d6 6. Be3 Ng4 7. Bg5 Qb6 8. Be3 Nxe3 9. fxe3 Qxb2 10. Ncb5 Qb4+ 11.
Qd2 Qxd2+ 12. Kxd2 Kd8 13. Bc4 Ne5 14. Bb3 a6 15.
Nc3 e6 16. Rhf1 Be7 17. a4 Bd7 18. a5 Rc8 19. Na4 Bxa4 20. Rxa4 Bf6 21. Rb4 Kc7 22. Rb1 Rb8 23. Ke2 Rhe8 24. h3 Nd7 25. Ba4 Red8 26. Bxd7 Rxd7 27. Rb6 Bd8 28. Kd3 Kc8 29. R6b4 Bxa5 30.
Ra4 Bd8 31. c4 Rc7 32. g4 Bf6 33. Nf3 Rc6 34. Rab4 Kc7 0-1

[Event "Late-Titled-Tuesday-Blitz-February-06-2024"]
[Site "Chess.com"]
[Date "2024.02.06"]
[Round "1"]
[White "Onthequiet"]
[Black "Kosak12"]
[Result "0-1"]
[WhiteElo "2440"]
[BlackElo "2821"]
[TimeControl "180+1"]
[EndTime "14:06:46 PST"]
[Termination "Kosak12 won on time"]

1. d4 d5 2. Nf3 Nf6 3. c4 e6 4. Nc3 Bb4 5. a3 Bxc3+ 6. bxc3 c5 7. e3 O-O 8. Be2 dxc4 9. Bxc4 Qc7 10. Qe2 b6 11. O-O Bb7 12. Ne5 Nc6 13. f4 Rac8 14. Ba6 Bxa6 15. Qxa6 cxd4 16. cxd4 Nxe5 17. fxe5 Nd5 18.
e4 Nc3 19. Re1 Rfd8 20. d5 Qxe5 21. Bb2 exd5 22. exd5 Qxd5 23. Bxc3 Rxc3 24. Qxa7 Rc2 0-1

[Event "Late-Titled-Tuesday-Blitz-February-06-2024"]
[Site "Chess.com"]
[Date "2024.02.06"]
[Round "1"]
[White "KChor05"]
[Black "MajorCoast"]
[Result "1-0"]
[WhiteElo "2602"]
[BlackElo "2211"]
[TimeControl "180+1"]
[EndTime "14:06:46 PST"]
[Termination "KChor05 won by checkmate"]

1. d4 d5 2. c4 e6 3. Nf3 Nf6 4. g3 Be7 5. Bg2 O-O 6. O-O dxc4 7. Qc2 a6 8. a4 Bd7 9. Ne5 Nc6 10. Nxd7 Qxd7 11. e3 b5 12. b3 Nb4 13. Qe2 Rab8 14. bxc4 bxc4 15. Qxc4 a5 16. Nc3 Nc2 17. Ra2 Nb4 18. Re2 Rfc8 19. e4 c5 20. d5 exd5 21. exd5 Bd6 22. Bg5 Ng4 23. Bh3 f5 24. Rfe1 Re8 25.
Re6 Nc2 26. Rxe8+ Rxe8 27. Rxe8+ Qxe8 28. Bxg4 fxg4 29. Nb5 Ne1 30. Nxd6 Nf3+ 31. Kg2 Ne1+ 32. Kf1 Qe5 33. Bf4 Qa1 34. Qc1 Qxa4 35. Qxe1 h6 36. Qe8+ Kh7 37. Qxa4 h5 38. Qe4+ g6 39. Qe7+ Kh8 40. Be5+ Kg8 41. Qg7# 1-0

[Event "Late-Titled-Tuesday-Blitz-February-06-2024"]
[Site "Chess.com"]
[Date "2024.02.06"]
[Round "1"]
[White "IsaqueGoncalvesSanto"]
[Black "ThePeacefulPanda"]
[Result "0-1"]
[WhiteElo "1933"]
[BlackElo "2537"]
[TimeControl "180+1"]
[EndTime "14:06:50 PST"]
[Termination "ThePeacefulPanda won by checkmate"]

1. d4 Nf6 2. c4 g6 3. Nc3 Bg7 4. e4 O-O 5. f3 d6 6. Be3 e5 7. d5 c6 8. Qd2 cxd5 9. cxd5 Nh5 10. g4 Nf4 11. h4 h5 12. Bxf4 exf4 13. Qxf4 Be5 14. Qg5 Qxg5 15. hxg5 hxg4 16. Kf2 Nd7 17. Be2 Nc5 18. fxg4 Bxc3 19. bxc3 Nxe4+ 20. Kg2 Nxc3 21. Bf3 Bd7 22. Rc1 Rac8 23. a3 Nb5 24. Rb1 Rc2+ 25. Kg3 b6 26. Rb3 Rfc8 27. Ne2 Nc3 28. Nd4 Rd2 29. Rb4 Rd3 30. Kf4 Rc5 31. Nb3 Nxd5+ 32.
Bxd5 Rcxd5 33. Rc1 Be6 34. Rc7 Re5 35. Nd4 Bd5 36. Rxa7 Re4# 0-1

[Event "Late-Titled-Tuesday-Blitz-February-06-2024"]
[Site "Chess.com"]
[Date "2024.02.06"]
[Round "1"]
[White "ahkashefi2800"]
[Black "Angry_Twin"]
[Result "0-1"]
[WhiteElo "2524"]
[BlackElo "3104"]
[TimeControl "180+1"]
[EndTime "14:06:51 PST"]
[Termination "Angry_Twin won by checkmate"]

1. Nf3 Nf6 2. g3 d5 3. Bg2 e6 4.
O-O Be7 5. b3 O-O 6. Bb2 b6 7. d3 Bb7 8. Nbd2 c5 9. Re1 d4 10.
e4 dxe3 11. fxe3 Nc6 12. e4 b5 13. a4 a6 14. Qe2 Rc8 15. Nf1 c4 16. axb5 axb5 17.
bxc4 bxc4 18. Kh1 cxd3 19. cxd3 Nb4 20. Bxf6 Bxf6 21. Rab1 Be7 22. d4 Ba6 23. Qd2 Rc2 24.
Qd1 Qa5 25. Ne3 Ra2 26. Bf1 Rd8 27. d5 Bc5 28. Nc4 Bxc4 29. Bxc4 Rc2 30. Bb3 Rc3 31. Qd2 Rxf3 32. Ra1 Qc7 33. Bd1 Rd3 34. Qe2 exd5 35. exd5 h6 36. Rc1 R3xd5 37. Bc2 Nxc2 38. Rxc2 Qd7 39. Qf3 Rd1 40. Rxd1 Qxd1+ 41. Qxd1 Rxd1+ 42. Kg2 Rd5 43. Rd2 Rxd2+ 44. Kh3 f5 45. Kh4 Rxh2# 0-1

[Event "Late-Titled-Tuesday-Blitz-February-06-2024"]
[Site "Chess.com"]
[Date "2024.02.06"]
[Round "1"]
[White "kuli4ik"]
[Black "TheoSlade"]
[Result "1-0"]
[WhiteElo "2857"]
[BlackElo "2460"]
[TimeControl "180+1"]
[EndTime "14:06:51 PST"]
[Termination "kuli4ik won by checkmate"]

1. d4 d5 2. c4 e6 3. Nc3 a6 4. cxd5 exd5 5. Nf3 c6 6. Bg5 Be7 7. h4 h6 8. Bf4 Bd6 9. e3 Bxf4 10. exf4 Bg4 11.
Be2 Bxf3 12. Bxf3 Nf6 13. g3 O-O 14. Kf1 Nbd7 15. Kg2 Nb6 16. Qd3 Nc4 17. b3 Nd6 18. Rae1 Re8 19. Re5 Qb6 20. Rhe1 Nb5 21. Rd1 Nd7 22.
Rxe8+ Rxe8 23. Na4 Qc7 24. Qd2 Nf6 25. Nc5 Nd6 26. Qb4 h5 27. Nd3 g6 28. Ne5 Nfe4 29.
Rc1 Kg7 30. a4 a5 31. Qa3 Qb6 32. Qb2 Nf5 33. Rd1 f6 34. Bxe4 dxe4 35. Nc4 Qd8 36.
Qc3 b6 37. Ne3 Nxe3+ 38. fxe3 Qd5 39. Rc1 Rc8 40. Qc4 Qd7 41. Qa6 Rb8 42. Rc2 Qe6 43. Qa7+ Qf7 44. Qxb8 Qxb3 45. Rxc6 Qb2+ 46. Kh3 Qb1 47.
Rc7+ Kh6 48. Qh8# 1-0

[Event "Late-Titled-Tuesday-Blitz-February-06-2024"]
[Site "Chess.com"]
[Date "2024.02.06"]
[Round "1"]
[White "kai_nov"]
[Black "Reality-Stone"]
[Result "0-1"]
[WhiteElo "2301"]
[BlackElo "2626"]
[TimeControl "180+1"]
[EndTime "14:06:51 PST"]
[Termination "Reality-Stone won on time"]

1. d4 e6 2. c4 b6 3. a3 Bb7 4. Nc3 Nf6 5. d5 Na6 6. g3 exd5 7. cxd5 Nc5 8. Bg2 a5 9. Nf3 Bd6 10. O-O O-O 11. Nd4 Be5 12. Re1 Bxd4 13. Qxd4 Nb3 14.
Qd1 Nxa1 15. Be3 Re8 16. Qxa1 Rxe3 17. fxe3 Qe7 18. e4 Ng4 19. e3 Ne5 20. Qd1 d6 21. Nb5 Ba6 22. Nd4 g6 23. Qc2 Re8 24. h3 h5 25. Qc3 Qg5 26. Kh2 Re7 27. Bf1 Bc8 28. Be2 h4 29. g4 Kg7 30. Rf1 f6 31. Rf4 Qh6 32. b4 axb4 33. axb4 Qh8 34. Nc6 Rf7 35. Nxe5 dxe5 36. Rf2 Qe8 37. b5 Qe7 38.
Bd3 Rf8 39. Rf3 Qd6 40. Rf2 Bd7 41. Rf3 Ra8 42. Rf2 Ra3 43. Qc2 Qc5 44. Qe2 Rc3 45.
Qf3 Qd6 0-1

[Event "Late-Titled-Tuesday-Blitz-February-06-2024"]
[Site "Chess.com"]
[Date "2024.02.06"]
[Round "1"]
[White "Felix-Rose"]
[Black "GeorgiosSouleidis"]
[Result "0-1"]
[WhiteElo "2378"]
[BlackElo "2708"]
[TimeControl "180+1"]
[EndTime "14:06:53 PST"]
[Termination "GeorgiosSouleidis won by resignation"]

1. e4 c5 2. Nf3 e6 3. d4 cxd4 4. Nxd4 Nf6 5. Nc3 Nc6 6. Ndb5 Bc5 7. Bf4 O-O 8. Bc7 Qe7 9. Bd6 Bxd6 10. Qxd6 Qd8 11. O-O-O a6 12. Nd4 Ne7 13. e5 Ne8 14. Qb4 Ng6 15. Nf3 Qc7 16. Qd4 b5 17. h4 Bb7 18. h5 Bxf3 19. hxg6 Bxd1 20. Rxh7 fxg6 21. Rh2 b4 22. Nxd1 Rc8 23. Bd3 Qc5 24. Qh4 Qxe5 25. Qh7+ Kf7 26. Bxg6+ Ke7 27. Qh4+ Qf6 28. Qxb4+ d6 29.
Bd3 Qf4+ 30. Kb1 Qxb4 0-1

[Event "Late-Titled-Tuesday-Blitz-February-06-2024"]
[Site "Chess.com"]
[Date "2024.02.06"]
[Round "1"]
[White "malakismayil"]
[Black "Kiborg95"]
[Result "0-1"]
[WhiteElo "2451"]
[BlackElo "2838"]
[TimeControl "180+1"]
[EndTime "14:06:54 PST"]
[Termination "Kiborg95 won on time"]

1. e4 d6 2. d4 Nf6 3. Nc3 Nbd7 4. Bg5 e5 5. Nf3 Be7 6. Bc4 c6 7. O-O b5 8. Bd3 O-O 9. Re1 h6 10. Bh4 Bb7 11. a3 Re8 12. Bg3 Bf8 13. Qd2 a5 14. Bh4 g5 15. Bg3 Nh5 16. dxe5 dxe5 17. h4 g4 18. Nh2 Ndf6 19. Qe2 Bc8 20. Rad1 Qb6 21. Kh1 Nf4 22. Qe3 Qxe3 23. Rxe3 N6h5 24. Be2 Nxg3+ 25. fxg3 Nxe2 26. Nxe2 Be6 27. Red3 h5 28. Nf1 Bc4 29. R3d2 Bh6 30. b3 Bxd2 31. Rxd2 Be6 32.
Kg1 Red8 33. Kf2 Kf8 34. Ke3 Ke7 35. Nc3 f5 36. Rf2 Rf8 37. Nd2 Rad8 38. a4 b4 39. Ne2 fxe4 40. Nxe4 Rxf2 41. Nxf2 Bf5 42. c3 c5 43. Ne4 Bxe4 44. Kxe4 c4 45. cxb4 cxb3 46. bxa5 b2 47. Nc3 Rc8 0-1

[Event "Late-Titled-Tuesday-Blitz-February-06-2024"]
[Site "Chess.com"]
[Date "2024.02.06"]
[Round "1"]
[White "Dedic8"]
[Black "ural58"]
[Result "1-0"]
[WhiteElo "2894"]
[BlackElo "2473"]
[TimeControl "180+1"]
[EndTime "14:06:55 PST"]
[Termination "Dedic8 won by resignation"]

1. d4 d5 2. c4 e5 3. dxe5 d4 4. g3 Nc6 5. Nf3 Nge7 6. Bg2 Ng6 7.
O-O Ngxe5 8. Nxe5 Nxe5 9. Nd2 Be7 10. b4 O-O 11. a3 c5 12. bxc5 Nc6 13. Nb3 Bf6 14. Ra2 Be6 15. Qc2 Qd7 16. Bf4 Bf5 17. Qc1 Rfe8 18. Rd1 Bg4 19. Bf3 Bxf3 20. exf3 Re6 21.
Kg2 Rae8 22. Rad2 h6 23. Qc2 Re1 24. Bd6 Rxd1 25. Rxd1 Qe6 26. Nc1 Be7 27. Bxe7 Rxe7 28. Nb3 Rd7 29. Qe4 a5 30. a4 g6 31. Qxe6 fxe6 32.
f4 e5 33. fxe5 Nxe5 34. Nxa5 d3 35. f4 Ng4 36. Rd2 Ne3+ 37. Kf2 Nc2 38. c6 bxc6 39. Nxc6 Nb4 40. Nxb4 1-0

[Event "Late-Titled-Tuesday-Blitz-February-06-2024"]
[Site "Chess.com"]
[Date "2024.02.06"]
[Round "1"]
[White "winniethepooh04"]
[Black "MolecularChemist"]
[Result "0-1"]
[WhiteElo "2508"]
[BlackElo "2957"]
[TimeControl "180+1"]
[EndTime "14:06:57 PST"]
[Termination "MolecularChemist won by resignation"]

1. d4 Nf6 2. Nf3 e6 3. Bf4 b6 4. e3 Bb7 5. Nbd2 d5 6. Bd3 Bd6 7. Bg3 O-O 8. O-O c5 9. c3 Nc6 10. Qe2 Qc7 11. dxc5 bxc5 12. e4 Bxg3 13. hxg3 h6 14.
Rfe1 Rad8 15. e5 Ng4 16. Nf1 Rfe8 17. N1h2 Nxh2 18. Nxh2 c4 19. Bc2 Ba6 20. Qh5 Qe7 21. f4 Qc5+ 22. Kh1 Qf2 23. Re2 Qxg3 24. Rf1 d4 25.
Be4 d3 26. Ref2 d2 27. Bc2 Ne7 28. Ng4 Nf5 29. Bd1 Qxf2 30. Nxf2 Ng3+ 31. Kh2 Nxh5 32. Bxh5 Bb7 33. Bd1 Bc6 34. Ng4 Rb8 35. f5 exf5 36. Rxf5 Bd7 0-1

[Event "Late-Titled-Tuesday-Blitz-February-06-2024"]
[Site "Chess.com"]
[Date "2024.02.06"]
[Round "1"]
[White "djano"]
[Black "norwaytoadog"]
[Result "1-0"]
[WhiteElo "2610"]
[BlackElo "2255"]
[TimeControl "180+1"]
[EndTime "14:06:57 PST"]
[Termination "djano won by resignation"]

1. e4 c5 2. Nc3 Nc6 3. Bb5 Nd4 4.
Nf3 e6 5. O-O a6 6. Bd3 b5 7.
Nxd4 cxd4 8. Ne2 Qb6 9. b3 Bb7 10. Bb2 Bc5 11. b4 Bf8 12. Bxd4 Qc7 13. c3 e5 14. Be3 Nf6 15. Ng3 h5 16. f3 h4 17. Ne2 h3 18. g3 d5 19. exd5 Bxd5 20.
a4 Rb8 21. axb5 axb5 22. Ra7 Qc6 23. Nc1 Bd6 24. Nb3 O-O 25. Na5 Qc8 26. Qe2 Qe6 27. Ra6 Ra8 28. Rxa8 Bxa8 29. Bg5 Ng4 30. fxg4 Qd5 31.
Kf2 e4 32. Bxe4 Qxe4 33. Qxe4 Bxe4 34. Re1 Bd3 35. Be7 Re8 36. Bxd6 Rd8 37. Bf4 f6 38. Nc6 Ra8 39. Nd4 Ra2 40. Ke3 g5 41. Kxd3 gxf4 42. gxf4 1-0

[Event "Late-Titled-Tuesday-Blitz-February-06-2024"]
[Site "Chess.com"]
[Date "2024.02.06"]
[Round "1"]
[White "abeljusto"]
[Black "FrankDux44"]
[Result "0-1"]
[WhiteElo "2080"]
[BlackElo "2555"]
[TimeControl "180+1"]
[EndTime "14:06:57 PST"]
[Termination "FrankDux44 won on time"]

1. d4 d6 2. Bf4 Nf6 3. Nc3 Bf5 4. f3 e6 5. e4 Bg6 6. Qd2 Be7 7. O-O-O c6 8. g4 h5 9. g5 Nfd7 10. h4 b5 11. Be3 O-O 12. Nce2 d5 13. Bg2 Nb6 14. Nf4 Nc4 15. Qd3 Na6 16. Nge2 Nb4 17. Qb3 a5 18. Nxg6 fxg6 19. Bd2 a4 20. Qxb4 Bxb4 21. Bxb4 Ne3 22. Rdg1 Nxg2 23. Rxg2 Rxf3 24. exd5 cxd5 25. Nc3 a3 26. bxa3 Qc7 27. Kb2 Rxa3 28.
Kxa3 Rxc3+ 29. Kb2 Rc4 30. a3 Rxd4 31. Re1 e5 32.
Rge2 e4 33. Bc3 Rc4 34. Bb4 Kh7 35. c3 d4 36. cxd4 Rxd4 37. Rxe4 Qd7 38. Rxd4 Qxd4+ 39. Kc2 Qxh4 0-1

[Event "Late-Titled-Tuesday-Blitz-February-06-2024"]
[Site "Chess.com"]
[Date "2024.02.06"]
[Round "1"]
[White "Chemim21"]
[Black "yobdc"]
[Result "0-1"]
[WhiteElo "2239"]
[BlackElo "2608"]
[TimeControl "180+1"]
[EndTime "14:06:59 PST"]
[Termination "yobdc won by resignation"]

1. e4 c5 2. Nf3 e6 3. Nc3 a6 4.
d3 Nc6 5. g3 Nf6 6. Bg2 d5 7.
exd5 exd5 8. O-O Be7 9. h3 O-O 10. Re1 h6 11. d4 Be6 12. Be3 c4 13. Ne5 Rc8 14. f4 b5 15. Qf3 b4 16. Ne2 Bf5 17.
c3 Be4 18. Qf2 a5 19. g4 Bxg2 20. Qxg2 Ne4 21. Ng3 Nxg3 22. Qxg3 Bh4 23. Qf3 Bxe1 24. Rxe1 f6 25. Ng6 Re8 26. f5 Re4 27.
Bf2 Rxe1+ 28. Bxe1 Qd7 29. Nf4 Re8 30. Ne6 Nd8 31. Bg3 Nxe6 32. fxe6 Rxe6 33. Kg2 Re4 34. Qd1 Qe8 35. Bf2 Re2 36. Qb1 Qe4+ 37. Qxe4 dxe4 38.
Kg3 Rxb2 39. d5 bxc3 40. Bd4 Rd2 41. Bxc3 Rd3+ 42. Kf4 Rxc3 43. Kxe4 Rd3 0-1

[Event "Late-Titled-Tuesday-Blitz-February-06-2024"]
[Site "Chess.com"]
[Date "2024.02.06"]
[Round "1"]
[White "PawnEatingZombie"]
[Black "dennisodessa"]
[Result "0-1"]
[WhiteElo "2188"]
[BlackElo "2585"]
[TimeControl "180+1"]
[EndTime "14:07:00 PST"]
[Termination "dennisodessa won on time"]

1. e4 e6 2. d4 d5 3. exd5 exd5 4. Bf4 Nf6 5. Nc3 c6 6. Qd2 Bf5 7. O-O-O Be7 8. f3 h5 9. g3 Nbd7 10. Re1 Be6 11. Bh3 Bxh3 12. Nxh3 O-O 13. g4 hxg4 14.
fxg4 Nxg4 15. Rhg1 Ndf6 16. Ng5 Qd7 17. h3 Nh6 18. Ne6 fxe6 19. Bxh6 Rf7 20. Ne2 Ne4 21.
Qe3 Kh8 22. Bf4 Raf8 23. Be5 Bf6 24. Nf4 Kg8 25. Ng6 Re8 26. Qe2 Bg5+ 27. Kb1 Bh6 28. Qh5 Kh7 29. Rg4 Nf6 30. Bxf6 Rxf6 31. Ne5 Qe7 32.
Reg1 Ref8 33. Rxg7+ Qxg7 34. Rxg7+ Kxg7 35. Qg4+ Kh7 36. b3 b5 37. a3 a5 38. Qh4 b4 39. Ka2 Kg8 40. Qg4+ Kh7 41. Qe2 Rf2 42. Qd3+ Kh8 43. axb4 axb4 44. Kb2 R2f6 45. Ng6+ Kg7 46. Nxf8 Kxf8 47.
Qh7 Bg7 48. Qd3 Rf4 49. Qa6 Bxd4+ 50. Kc1 Bc3 51. Kd1 Re4 0-1

[Event "Late-Titled-Tuesday-Blitz-February-06-2024"]
[Site "Chess.com"]
[Date "2024.02.06"]
[Round "1"]
[White "CarrotsandPizza"]
[Black "ChessLover0108"]
[Result "0-1"]
[WhiteElo "2518"]
[BlackElo "3019"]
[TimeControl "180+1"]
[EndTime "14:07:01 PST"]
[Termination "ChessLover0108 won on time"]

1. e4 d6 2. d4 Nf6 3. Nc3 g6 4. f4 Bg7 5. Bc4 O-O 6. e5 Nfd7 7. e6 Nb6 8. exf7+ Kh8 9. Bb3 Nc6 10. Be3 Na5 11. Nf3 Bg4 12. Qe2 Nxb3 13. axb3 a5 14. d5 c6 15. h3 Bxf3 16. Qxf3 Qc7 17. O-O Rxf7 18. Rad1 Raf8 19. Qe4 Bxc3 20. bxc3 Nxd5 21. Bd4+ Kg8 22. g3 Qd7 23. Kh2 e5 24. Be3 Nxc3 25.
Qc4 Nxd1 26. Rxd1 d5 27. Qd3 exf4 28. Bxf4 g5 29. Be5 Rf2+ 30. Kg1 Qxh3 0-1

[Event "Late-Titled-Tuesday-Blitz-February-06-2024"]
[Site "Chess.com"]
[Date "2024.02.06"]
[Round "1"]
[White "Rutricks"]
[Black "Laico"]
[Result "1-0"]
[WhiteElo "2706"]
[BlackElo "2377"]
[TimeControl "180+1"]
[EndTime "14:07:01 PST"]
[Termination "Rutricks won on time"]

1. b3 d5 2. Bb2 Nf6 3. g3 c5 4. Bg2 Nc6 5. Nf3 Bg4 6. O-O Qd7 7. d4 Bh3 8. Ne5 Nxe5 9. dxe5 Bxg2 10. Kxg2 Ng4 11. h3 Nh6 12. e4 dxe4 13. Nc3 Qc6 14. Qd5 Qxd5 15. Nxd5 O-O-O 16. Rad1 Nf5 17. g4 e6 18. Nc3 Nd4 19. Nxe4 Nxc2 20. Ng5 Rxd1 21.
Rxd1 Be7 22. Nxf7 Rf8 23. Nd6+ Kc7 24. Rc1 Nb4 25. Rxc5+ Nc6 26. Rc4 Rd8 27. Ba3 a6 28. f4 b5 29. Rc2 Kb6 30. Bc5+ Kc7 31. Kf3 Rd7 32. Ke4 Bd8 33. Ba7 1-0

[Event "Late-Titled-Tuesday-Blitz-February-06-2024"]
[Site "Chess.com"]
[Date "2024.02.06"]
[Round "1"]
[White "TheMagician"]
[Black "Practical-Play"]
[Result "0-1"]
[WhiteElo "2152"]
[BlackElo "2572"]
[TimeControl "180+1"]
[EndTime "14:07:02 PST"]
[Termination "Practical-Play won by resignation"]

1. d4 Nf6 2. c4 d5 3. cxd5 Nxd5 4. e4 Nf6 5. Nc3 e5 6. Nf3 exd4 7. Qxd4 Qxd4 8. Nxd4 a6 9. f3 Bc5 10. Be3 O-O 11. O-O-O Rd8 12. Nc2 Rxd1+ 13. Nxd1 Bxe3+ 14. Ndxe3 Be6 15. Bc4 Bxc4 16. Nxc4 Nc6 17. Rd1 Kf8 18. Nd4 Nxd4 19. Rxd4 Ke7 20. Ne3 g6 21. e5 Ne8 22.
f4 Ke6 23. h4 f6 24. exf6 Nxf6 25. g4 Rf8 26. b4 Re8 27. Kc2 Kf7 28. Kd3 h5 29. g5 Ng4 30. Rc4 Rxe3+ 31. Kd2 Re7 32. a4 Ne3 33. Rc5 Nf5 34. b5 axb5 35. Rxb5 b6 36.
a5 bxa5 37. Rxa5 Nxh4 38. Ra6 Nf5 39. Rf6+ Kg7 40. Kd3 h4 41. Ra6 h3 42. Ra1 Ng3 43.
Rg1 h2 44. Rxg3 h1=Q 45. f5 Qd5+ 0-1

[Event "Late-Titled-Tuesday-Blitz-February-06-2024"]
[Site "Chess.com"]
[Date "2024.02.06"]
[Round "1"]
[White "Dinamo3"]
[Black "Polish_fighter3000"]
[Result "0-1"]
[WhiteElo "2519"]
[BlackElo "3039"]
[TimeControl "180+1"]
[EndTime "14:07:05 PST"]
[Termination "Polish_fighter3000 won on time"]

1. c4 e6 2. Nf3 b6 3. e3 Bb7 4.
b3 Qf6 5. Nc3 Bxf3 6. Qxf3 Qxf3 7. gxf3 g6 8. Bb2 Bg7 9. d4 c6 10. f4 f5 11. O-O-O Nf6 12. d5 Kf7 13. Bg2 exd5 14.
cxd5 c5 15. Nb5 a6 16. Nc7 Ra7 17. d6 Nc6 18. Nd5 Ng4 19. Bxg7 Kxg7 20. Rd2 Rb8 21. h3 Nf6 22. Rhd1 Nd8 23. Kb2 Nf7 24. Nc3 b5 25. Nd5 Ne8 26. Ne7 Kf8 27. Nd5 c4 28. bxc4 Nexd6 0-1

[Event "Late-Titled-Tuesday-Blitz-February-06-2024"]
[Site "Chess.com"]
[Date "2024.02.06"]
[Round "1"]
[White "SchmakAttack"]
[Black "SamCopeland"]
[Result "1-0"]
[WhiteElo "2758"]
[BlackElo "2405"]
[TimeControl "180+1"]
[EndTime "14:07:05 PST"]
[Termination "SchmakAttack won by resignation"]

1. Nf3 c6 2. g3 d5 3. Bg2 Nf6 4. O-O Bg4 5. c4 e6 6. Qb3 Qb6 7. d3 Nbd7 8. Be3 Qxb3 9. axb3 Bc5 10. Bxc5 Nxc5 11. Nbd2 Ke7 12. b4 Na6 13. Ra4 Nc7 14. Rfa1 a6 15. h3 Bh5 16. g4 Bg6 17. Ne5 dxc4 18.
dxc4 Rhd8 19. Nb3 Bc2 20. R4a3 Bxb3 21. Rxb3 Rd2 22. e3 Nd7 23. Nf3 Rc2 24. Bf1 Nb6 25. c5 Nc4 26. Bd3 Rxb2 27. Bxc4 Rxb3 28. Bxb3 Rd8 29.
Nd4 Nd5 30. Bxd5 Rxd5 31. Kf1 g6 32. Ke2 e5 33. Nb3 Ke6 34. Na5 Rd7 35. Rd1 Rxd1 36. Kxd1 Kd5 37. Kd2 e4 38. Kc3 f5 39. gxf5 g5 40.
Kd2 Ke5 41. Nxb7 Kxf5 42. Nd8 h5 43. Ke2 g4 44. hxg4+ Kxg4 45. Kf1 h4 46. Nxc6 h3 47. Nd4 1-0

[Event "Late-Titled-Tuesday-Blitz-February-06-2024"]
[Site "Chess.com"]
[Date "2024.02.06"]
[Round "1"]
[White "Durarbayli"]
[Black "WPWPWP-2015"]
[Result "1-0"]
[WhiteElo "2909"]
[BlackElo "2487"]
[TimeControl "180+1"]
[EndTime "14:07:06 PST"]
[Termination "Durarbayli won by resignation"]

1. c4 e5 2. g3 Nf6 3. Bg2 Nc6 4. Nc3 Be7 5. e3 O-O 6. Nge2 d6 7. O-O Re8 8. d4 exd4 9. exd4 Bf5 10. h3 h6 11. g4 Bh7 12. Ng3 Bf8 13. b3 Rb8 14. Bb2 Qd7 15. Qd2 Ne7 16. d5 Ng6 17. Nb5 Be7 18. Rae1 Nh4 19. Bh1 Nxg4 20. hxg4 Qxg4 21. Qd4 Qxd4 22. Bxd4 Bg5 23. Nxc7 Rec8 24. Bxa7 Bd3 25. Bxb8 Rxb8 26. Re8+ Rxe8 27. Nxe8 Bxf1 28. Kxf1 Be7 29. a4 f5 30. Ne2 g5 31. Nd4 Kf7 32. Nc7 Kf6 33.
b4 g4 34. a5 Bd8 35. Nce6 Ke7 36. a6 bxa6 37. Nc6+ Kf6 38. Ncxd8 h5 39. Nb7 Ng6 40. Nxd6 h4 41. b5 axb5 42. cxb5 Ne7 43. b6 1-0

[Event "Late-Titled-Tuesday-Blitz-February-06-2024"]
[Site "Chess.com"]
[Date "2024.02.06"]
[Round "1"]
[White "rcmz"]
[Black "Nf3c5"]
[Result "0-1"]
[WhiteElo "2145"]
[BlackElo "2571"]
[TimeControl "180+1"]
[EndTime "14:07:06 PST"]
[Termination "Nf3c5 won on time"]

1. b4 e5 2. Bb2 Bxb4 3. Bxe5 Nf6 4. c4 Nc6 5. Bb2 d5 6. cxd5 Qxd5 7. a3 Ba5 8. Nf3 O-O 9. e3 Bg4 10. Be2 Rad8 11.
O-O Ne4 12. d4 Rd6 13. Nbd2 Rh6 14. Nxe4 Qxe4 15. Bd3 Qe7 16. Re1 Qd6 17. h3 Bxe1 18. hxg4 Ba5 19. g5 Re6 20. Qb3 Bb6 21. Bc3 Ne7 22. Qc2 Ng6 23. Bxg6 fxg6 24. Ne5 Kh8 25. f4 Qd5 26. Kf2 c5 27. Rd1 cxd4 28. Bxd4 Bxd4 29.
Rxd4 Qxe5 0-1